 Dungeon Crawl Stone Soup version 0.26.1-11-gd32895ea62 (webtiles) character file.

Game seed: 8892939225479526233

162 phalm the Conjurer (level 5, -1/28 HPs)
             Began as a Deep Elf Conjurer on May 4, 2021.
             Slain by a mummy (15 damage)
             ... in an ossuary.
             The game lasted 00:07:43 (2617 turns).

phalm the Conjurer (Deep Elf Conjurer)              Turns: 2617, Time: 00:07:43

Health: -1/28      AC:  3    Str:  4    XL:     5   Next: 19%
Magic:  0/11       EV: 13    Int: 24    God:
Gold:   145        SH:  0    Dex: 13    Spells: 3/10 levels left

rFire    . . .     SeeInvis .   g - +0 dagger
rCold    . . .     Faith    .   (no shield)
rNeg     . . .     Spirit   .   a - +1 robe
rPois    +         Reflect  .   (no helmet)
rElec    .         Harm     .   (no cloak)
rCorr    .         Rampage  .   (no gloves)
Will     .....                  (no boots)
Stlth    ++........             (no amulet)
HPRegen  0.09/turn              P - ring of poison resistance
MPRegen  0.12/turn              (no ring)

@: no status effects
A: no striking features
a: no special abilities


You were in an ossuary.
You visited 1 branch of the dungeon, and saw 4 of its levels.
You also visited: Ossuary.

You collected 145 gold pieces.


   Skills:
 - Level 2.4 Dodging
 - Level 2.4 Stealth
 - Level 3.0 Spellcasting
 * Level 6.7 Conjurations
 * Level 2.1 Translocations


You had 3 spell levels left.
You knew the following spells:

 Your Spells              Type           Power        Failure   Level
m - Magic Dart            Conj           100%         1%          1
s - Searing Ray           Conj           70%          1%          2
X - Iskenderun's Mystic   Conj/Tloc      25%          17%         4

Your spell library contained the following spells:

 Spells                   Type           Power        Failure   Level
 Dazzling Flash           Conj/Hex       38%          9%          3
 Fulminant Prism          Conj/Hex       9%           26%         4

Inventory:

Hand Weapons
 g - a +0 dagger (weapon)
   (You took it off a goblin on level 1 of the Dungeon)
 k - a +0 hunting sling
   (You found it on level 2 of the Dungeon)
Missiles
 c - 7 poisoned darts
 l - 62 stones
Armour
 a - a +1 robe (worn)
Jewellery
 j - an uncursed ring of protection from fire {unknown}
   (You found it on level 2 of the Dungeon)
 P - a ring of poison resistance (left hand)
   (You found it on level 1 of the Dungeon)
Scrolls
 d - a scroll of remove curse {@r2}
 h - a scroll of fog
 o - a scroll of enchant armour
Potions
 b - 3 potions of lignification {unknown}
 n - a potion of flight {unknown}
 p - a potion of invisibility {unknown}
 q - a potion of haste {unknown}

Dungeon Overview and Level Annotations

Branches:
Dungeon (5/15)            Ossuary (1/1)
 Temple: D:4-7

Altars:
Dithmenos

## ≈≈#
+#'#+#+#+#+#.≈#≈≈
..(.(...M.≈....#
.##+##'##@##.≈#≈
#.#...# ###.∩.#
#∩..# #####


You could see a mummy.


Message History

You now have 28 max hp (+4).
Your hp is fully restored (28).
The magic dart hits the mummy! 😎 MP[-1]
You lost 1 mp, and now have 5/11 mp.
The magic dart hits the mummy. 😎 MP[-1]
You lost 1 mp, and now have 4/11 mp.
The magic dart hits the mummy. 😎 MP[-1]
You lost 1 mp, and now have 3/11 mp.
The magic dart hits the mummy. 😎 MP[-1]
You lost 1 mp, and now have 2/11 mp.
You hit the mummy. You hit the mummy but do no damage.
The mummy barely misses you. 😎 MP[+1]
You hit the mummy but do no damage. You hit the mummy. The mummy hits you!!
Ouch! That really hurt!
* * * LOW HITPOINT WARNING * * *
😨 HP[-18]
You take 18 damage, and now have 10/28 hp.
MASSIVE DAMAGE!! (PAUSE)
Casting: Magic Dart (safe; 1% risk of failure)
Confirm with . or Enter, or press ? or * to list all spells.
Aiming: Searing Ray (safe; 1% risk of failure)
Press: ? - help, Shift-Dir - straight line, f/p - mummy
Aim: a mummy (almost destroyed, 9% to evade)
The searing ray hits the mummy.
You destroy the mummy! (Press . to maintain the ray.) 😨 MP[-2]
You lost 2 mp, and now have 1/11 mp.
A mummy comes into view. 😨 HP[+2] MP[+3]
You regained 2 hp, and now have 12/28 hp.
You regained 3 mp, and now have 4/11 mp.
You are too injured to fight recklessly!
Aiming: Magic Dart (safe; 1% risk of failure)
Press: ? - help, Q - select action, (/) - cycle Shift-Dir - straight line, f - mummy
Aim: a mummy (wandering, hasn't noticed you, 0% to evade)
The magic dart hits the mummy. 😨 MP[-1]
You lost 1 mp, and now have 3/11 mp.
Aiming: Magic Dart (safe; 1% risk of failure)
Press: ? - help, Q - select action, (/) - cycle Shift-Dir - straight line, f/p - mummy
Aim: a mummy (lightly damaged, 0% to evade)
The magic dart hits the mummy but does no damage. 😨 MP[-1]
You lost 1 mp, and now have 2/11 mp.
Aiming: Magic Dart (safe; 1% risk of failure)
Press: ? - help, Q - select action, (/) - cycle Shift-Dir - straight line, f/p - mummy
Aim: a mummy (lightly damaged, 0% to evade)
The magic dart hits the mummy.
A giant cockroach zombie comes into view. 😨 HP[+1] MP[-1]
You lost 1 mp, and now have 1/11 mp.
Aiming: Magic Dart (safe; 1% risk of failure)
Press: ? - help, Q - select action, (/) - cycle Shift-Dir - straight line, f/p - mummy
Aim: a mummy (moderately damaged, 0% to evade)
The magic dart hits the mummy but does no damage. 😨 MP[-1]
You lost 1 mp, and now have 0/11 mp.
You aren't carrying any items that you can evoke.
k - a +0 hunting sling (weapon)
Fire: 66 stones
Press: ? - help, Q - select action, (/) - cycle Shift-Dir - straight line, f/p - mummy
Aim: a mummy (moderately damaged, 72% to hit)
You shoot a stone. The stone barely misses the mummy.
The stone hits the giant cockroach zombie.
Fire: 65 stones
Press: ? - help, Q - select action, (/) - cycle Shift-Dir - straight line, f/p - mummy
Aim: a mummy (moderately damaged, 72% to hit)
You shoot a stone.
The stone hits the mummy. 😨 MP[+1] Fire: 64 stones
Press: ? - help, Q - select action, (/) - cycle Shift-Dir - straight line, f/p - mummy
Aim: a mummy (heavily damaged, 72% to hit)
You shoot a stone. The stone barely misses the mummy.
The stone hits the giant cockroach zombie.
You destroy the giant cockroach zombie!
Fire: 63 stones
Press: ? - help, Q - select action, (/) - cycle Shift-Dir - straight line, f/p - mummy
Aim: a mummy (heavily damaged, 72% to hit)
You shoot a stone. The stone hits the mummy.
You are too injured to fight recklessly!
Casting: Magic Dart (safe; 1% risk of failure)
Confirm with . or Enter, or press ? or * to list all spells.
Aiming: Magic Dart (safe; 1% risk of failure)
Press: ? - help, Shift-Dir - straight line, f/p - mummy
Aim: a mummy (heavily damaged, 0% to evade)
The magic dart hits the mummy. 😨 MP[-1]
You lost 1 mp, and now have 0/11 mp.
There is an open door here.
g - a +0 dagger (weapon)
You hit the mummy but do no damage. You barely miss the mummy.
The mummy hits you!
Ouch! That really hurt!
You die...

Skill      XL: |  1  2  3  4 |
---------------+-------------+-----
Conjurations   | 5 6 |  6.7
Translocations | 2 |  2.1
Dodging        | |  2.4
Stealth        | |  2.4
Spellcasting   | |  3.0

Action                   |  1- 3 |  4- 6 || total
-------------------------+-------+-------++-------
Melee: Club              |     7 |       ||     7
       Dagger            |       |     6 ||     6
 Fire: Hunting sling     |     5 |    20 ||    25
 Cast: Magic Dart        |    66 |    19 ||    85
       Searing Ray       |     1 |     8 ||     9
  Use: Scroll            |       |     6 ||     6
Armor: Robe              |     6 |     1 ||     7
Dodge: Dodged            |    16 |     6 ||    22

Levels and vault maps discovered:
D:1:      dpeg_arrival_rooms_c, layout_basic
D:2:      layout_rooms, grunt_dithmenos_smoke
D:3:      layout_basic, minmay_crystal_room, serial_bayou_ford_a
D:5:      layout_loops_ring, temple_fountains, portal_sewer_entry_a,
          enter_ossuary_4
Ossuary:  ossuary_zaba_flooded

Notes
Turn   | Place    | Note
-------+----------+-------------------------------------------
     0 | D:1      | phalm the Deep Elf Conjurer began the quest for the Orb.
     0 | D:1      | Reached XP level 1. HP: 10/10 MP: 6/6
     0 | D:1      | magus.rc [v1.9.10]
   126 | D:1      | Reached XP level 2. HP: 15/15 MP: 0/8
   142 | D:1      | Reached skill level 5 in Conjurations
   214 | D:1      | Learned a level 2 spell: Searing Ray
   887 | D:1      | Reached XP level 3. HP: 19/19 MP: 6/9
  1249 | D:2      | Found a shadowy altar of Dithmenos.
  1565 | D:2      | Reached skill level 6 in Conjurations
  1717 | D:2      | Reached XP level 4. HP: 24/24 MP: 6/10
  1723 | D:2      | Learned a level 4 spell: Iskenderun's Mystic Blast
  2049 | D:3      | Noticed an ogre
  2350 | D:3      | You fall into a shaft and drop 2 floors!
  2350 | D:5      | Entered Level 5 of the Dungeon
  2354 | D:5      | Reached skill level 1 in Translocations
  2504 | D:5      | Found a sand-covered staircase.
  2563 | Ossuary  | Entered an ossuary
  2572 | Ossuary  | Reached skill level 2 in Translocations
  2572 | Ossuary  | Reached XP level 5. HP: 28/28 MP: 6/11
  2617 | Ossuary  | Slain by a mummy

Vanquished Creatures
  A worker ant (D:5)
  2 mummies (Ossuary)
  4 adders
  2 oozes (D:1)
  An adder skeleton (D:5)
  4 dart slugs
  2 leopard geckos
  9 goblins
  6 hobgoblins
  6 jackals
  A ball python (D:3)
  9 bats
  3 frilled lizards (D:2)
  A giant cockroach zombie (Ossuary)
  A goblin zombie (D:5)
  4 kobolds
  A quokka zombie (D:5)
  2 rats (D:2)
59 creatures vanquished.

Vanquished Creatures (others)
  A plant (D:3)
  2 withered plants (Ossuary)
3 creatures vanquished.

Grand Total: 62 creatures vanquished

Table legend:
 A = Non-vault XP
 B = Vault XP
 C = Vault XP percentage of total XP
 D = Non-vault monster count
 E = Vault monster count
 F = Vault count percentage of total count
                 A         B        C        D         E       F
            +---------+---------+-------+---------+---------+-------
      Total |     193 |      39 |  16.8 |      54 |       5 |   8.5
            +---------+---------+-------+---------+---------+-------
        D:1 |      50 |       0 |   0.0 |      21 |       0 |   0.0
        D:2 |      54 |       0 |   0.0 |      22 |       0 |   0.0
        D:3 |      25 |       0 |   0.0 |       7 |       0 |   0.0
        D:5 |      64 |       2 |   3.0 |       4 |       2 |  33.3
    Ossuary |       0 |      37 | 100.0 |       0 |       3 | 100.0
            +---------+---------+-------+---------+---------+-------

Illustrated notes

Table legend:
 A = Kills in this place as a percentage of kills in entire the game.
 B = Kills by you in this place as a percentage of kills by you in the entire game.
 C = Kills by friends in this place as a percentage of kills by friends in the entire game.
 D = Other kills in this place as a percentage of other kills in the entire game.
 E = Experience gained in this place as a percentage of experience gained in the entire game.
 F = Experience gained in this place divided by the number of levels of this place that you have seen.
                   A       B       C       D       E      F
               +-------+-------+-------+-------+-------+----------------------
         Total | 100.0 | 100.0 |   N/A |   N/A | 100.0 |  46.4
       Dungeon |  94.9 |  94.9 |   N/A |   N/A |  84.1 |  48.8
       Ossuary |   5.1 |   5.1 |   N/A |   N/A |  15.9 |  37.0
               +-------+-------+-------+-------+-------+----------------------

Table legend: (Time is in decaauts)
 A = Elapsed time spent in this place.
 B = Non-inter-level travel time spent in this place.
 C = Inter-level travel time spent in this place.
 D = Time resting spent in this place.
 E = Time spent auto-exploring this place.
 F = Levels seen in this place.
 G = Mean time per level.
                   A        B        C        D        E       F      G
               +--------+--------+--------+--------+--------+-----+--------+
         Total |   2620 |   2400 |    220 |     45 |   2049 |   5 |  524.0 |
       Dungeon |   2566 |   2346 |    220 |     45 |   2025 |   4 |  641.5 |
       Ossuary |     53 |     53 |      0 |      0 |     24 |   1 |   53.0 |
               +--------+--------+--------+--------+--------+-----+--------+

Top non-repeatable levels by time:
     D:1: 1232 daAuts
     D:2: 840 daAuts
     D:3: 281 daAuts
     D:5: 212 daAuts
 Ossuary: 53 daAuts
